 Dungeon Crawl Stone Soup version 0.18-b1-16-g289874d (webtiles) character file.

112 otab the Cudgeler (level 4, 0/49 HPs)
             Began as an Ogre Berserker on May 1, 2016.
             Was a Believer of Trog.
             Slain by an orc (3 damage)
             ... on level 3 of the Dungeon.
             The game lasted 00:01:54 (1517 turns).

otab the Cudgeler (Ogre Berserker)                  Turns: 1517, Time: 00:01:55

Health: 0/49       AC:  3    Str: 22    XL:     4   Next: 95%
Magic:  4/4        EV: 10    Int: 11    God:    Trog [**....]
Gold:   79         SH:  0    Dex: 10    Spells: 0 memorised, 3 levels left

rFire  . . .     SeeInvis .     a - +0 mace
rCold  + . .     Gourm    .     b - +0 animal skin
rNeg   . . .     Faith    +     (no shield)
rPois  .         Spirit   .     (helmet restricted)
rElec  .         Dismiss  .     (no cloak)
rCorr  .         Reflect  .     (gloves unavailable)
SustAt .         Harm     .     (boots unavailable)
MR     .....                    d - amulet of faith
Stlth  +.........               (no ring)
                                j - ring of protection from cold

@: brilliant, exhausted, not resistant to hostile enchantments, very unstealthy
A: unfitting armour, tough skin 1
a: Berserk, Trog's Hand, Burn Spellbooks, Renounce Religion


You were on level 3 of the Dungeon.
You worshipped Trog.
Trog was pleased with you.
You were full.

You visited 1 branch of the dungeon, and saw 3 of its levels.

You collected 79 gold pieces.

Inventory:

Hand Weapons
 a - a +0 mace (weapon)
Armour
 b - a +0 animal skin (worn)
Jewellery
 d - an amulet of faith (around neck)
 i - an uncursed amulet of dismissal {unknown}
 j - a ring of protection from cold (left hand)
Scrolls
 f - 3 scrolls of noise
Potions
 e - a potion of cancellation
Comestibles
 c - a bread ration


   Skills:
 + Level 4.9 Fighting
 * Level 5.5 Maces & Flails
 + Level 3.6 Dodging


You had 3 spell levels left.
You didn't know any spells.

Dungeon Overview and Level Annotations

Branches:
Dungeon (3/15)

Altars:
Okawaru
Pakellas


Innate Abilities, Weirdness & Mutations

You are too large for most types of armour.
You have tough skin (AC +1).


Message History

* * * LOW HITPOINT WARNING * * *
The orc hits you but does no damage.
Unknown command.
Eat which item? (? for menu, Esc to quit)
The orc shouts!
The kobold hits you but does no damage. The quokka barely misses you.
The orc closely misses you.
You continue eating.
You feel sick.
You are no longer poisoned.
The orc shouts!
The kobold hits you with a dagger.
* * * LOW HITPOINT WARNING * * *
The quokka bites you.
* * * LOW HITPOINT WARNING * * *
The orc closely misses you.
You continue eating.
The quokka closely misses you. The kobold hits you but does no damage.
The orc hits you.
You die...

.......................#
...........)...........#
.....$..........?.......
.....?..o...o..........#
................(.......
...............(.......#
...............(........
......orK$.......(.....#
.......@...............#
......[................#
.....................###
######################


You could see 3 orcs, a quokka and a kobold.

Vanquished Creatures
  A howler monkey (D:3)
  4 adders
  A worm (D:3)
  4 giant geckos
  A giant cockroach (D:2)
  2 hobgoblins (D:1)
  4 kobolds
  2 quokkas
  A ball python (D:1)
  A bat (D:3)
  4 giant newts (D:2)
  4 goblins
  7 rats
36 creatures vanquished.

Notes
Turn   | Place    | Note
--------------------------------------------------------------
     0 | D:1      | otab the Ogre Berserker began the quest for the Orb.
     0 | D:1      | Reached XP level 1. HP: 24/24 MP: 1/1
   211 | D:1      | Reached XP level 2. HP: 20/32 MP: 2/2
   593 | D:2      | Reached XP level 3. HP: 35/40 MP: 3/3
   711 | D:2      | Found an oddly glowing altar of Pakellas.
   831 | D:2      | Found an iron altar of Okawaru.
   943 | D:2      | Reached ** piety under Trog
  1145 | D:2      | Reached skill level 5 in Maces & Flails
  1373 | D:3      | Reached XP level 4. HP: 33/49 MP: 4/4
  1502 | D:3      | HP: 2/49 [kobold/dagger (3)]
  1517 | D:3      | Slain by an orc

Skill      XL: |  1  2  3 |
---------------+----------+-----
Dodging        | 3 |  3.6
Maces & Flails | 5 |  5.5
Fighting       | |  4.9

Action                   |  1- 3 |  4- 6 || total
-------------------------+-------+-------++-------
Melee: Mace              |   103 |    17 ||   120
Invok: Berserk           |       |     1 ||     1
  Use: Scroll            |     5 |       ||     5
       Potion            |       |     2 ||     2
  Eat: Chunk             |     1 |     2 ||     3
       Bread ration      |       |     1 ||     1
Armor: Animal skin       |    22 |    21 ||    43
Dodge: Dodged            |    46 |    32 ||    78
